 Dungeon Crawl Stone Soup version 0.29.1-12-g30fa7ad0bf (webtiles) character file.

Game seed: 10539216505693489575

240 Eitelfritz the Slasher (level 5, 0/45 HPs)
             Began as a Minotaur Gladiator on Jan 18, 2023.
             Slain by a ball python (1 damage)
             ... in a sewer.
             The game lasted 00:06:11 (2037 turns).

Eitelfritz the Slasher (Minotaur Gladiator)         Turns: 2037, Time: 00:06:11

Health: 0/45       AC:  5    Str: 19    XL:     5   Next: 80%
Magic:  4/4        EV:  9    Int:  7    God:
Gold:   73         SH:  0    Dex: 11    Spells: 4/4 levels left

rFire   . . .      SeeInvis .   a - +0 long sword
rCold   . . .      Faith    .   (no shield)
rNeg    . . .      Spirit   .   p - +0 ring mail
rPois   .          Reflect  .   c - +0 hat
rElec   .          Harm     .   (no cloak)
rCorr   .          Rampage  .   (no gloves)
Will    .....                   (no boots)
Stlth   +.........              t - amulet of regeneration
HPRegen 0.95/turn               (no ring)
MPRegen 0.09/turn               (no ring)

@: lethally poisoned (0 -> -1), constricted
A: horns 2, retaliatory headbutt
a: no special abilities


You were in a sewer.
You visited 1 branch of the dungeon, and saw 3 of its levels.
You also visited: Sewer.

You collected 73 gold pieces.

Inventory:

Hand Weapons
 a - a +0 long sword (weapon)
 b - a +0 sling
Missiles
 d - 3 throwing nets (quivered)
 e - a javelin
 g - 39 stones
 r - 2 boomerangs of dispersal
 s - 5 poisoned darts
Armour
 c - a +0 hat (worn)
 n - a +0 chain mail
 p - a +0 ring mail (worn)
Jewellery
 t - an amulet of regeneration (around neck)
Scrolls
 f - 2 scrolls of teleportation {unknown}
 h - a scroll of enchant armour {unknown}
 i - 2 scrolls of butterflies {unknown}
 j - a scroll of noise {unknown}
 o - a scroll of amnesia {unknown}
 q - a scroll of vulnerability {unknown}
 v - 2 scrolls of poison {unknown}
 x - a scroll of fear {unknown}
Potions
 k - a potion of mutation {unknown}
 l - a potion of flight {unknown}
 m - 2 potions of curing {unknown}
 u - a potion of ambrosia {unknown}
 w - a potion of haste {unknown}
 z - a potion of berserk rage {unknown}
 A - a potion of might {unknown}


   Skills:
 + Level 3.6 Fighting
 + Level 5.9 Long Blades
 + Level 2.1 Throwing
 + Level 2.8 Armour
 + Level 4.3 Dodging
 + Level 0.1 Stealth


You had 4 spell levels left.
You didn't know any spells.
Your spell library contained the following spells:

 Spells                   Type           Power      Damage    Failure   Level
 Static Discharge         Conj/Air       0%         3-3/arc   75%         2
 Dispel Undead            Necr           0%         3d6       100%        4
 Sticky Flame             Conj/Fire      0%         2d3       100%        4


Dungeon Overview and Level Annotations

Branches:
Dungeon (3/15)              Sewer (1/1)

Altars:


Innate Abilities, Weirdness & Mutations

You have a pair of horns on your head.
You reflexively headbutt those who attack you in melee.


Message History

You barely miss the adder.
You feel sick. The bullfrog hits you.
The bullfrog hits you but does no damage.
The adder bites you.
You are more poisoned.
The adder poisons you! The adder closely misses you. The ball python bites you.
The ball python barely misses you. The bullfrog hits you.
The ball python bites you but does no damage.
The ball python misses you. The bullfrog misses you. The adder misses you.
You furiously retaliate!
You headbutt the adder!
You kill the adder!
Unknown command.
You slash the bullfrog! You headbutt the bullfrog.
You kill the bullfrog!
You feel sick. The adder completely misses you.
The ball python bites you but does no damage.
The ball python closely misses you. The bullfrog hits you.
The ball python closely misses you. The ball python grabs you.
The ball python constricts you.
* * * LOW HITPOINT WARNING * * *
The adder closely misses you. You furiously retaliate!
You headbutt the adder! The ball python bites you.
* * * LOW HITPOINT WARNING * * *
Unknown command.
Unknown command.
You closely miss the adder. Your headbutt misses the adder.
The adder is almost dead.
You feel sick. The bullfrog hits you.
* * * LOW HITPOINT WARNING * * *
The ball python bites you.
* * * LOW HITPOINT WARNING * * *
The ball python completely misses you. The ball python bites you.
* * * LOW HITPOINT WARNING * * *
The ball python constricts you. The adder bites you but does no damage.
The ball python barely misses you. x2; The bullfrog hits you.
* * * LOW HITPOINT WARNING * * *
The ball python closely misses you. You furiously retaliate!
You headbutt the ball python!
You kill the ball python!
The ball python bites you.
You die...

###################
..#~≈≈≈≈SS≈≈≈≈≈≈≈≈#.###
..~~≈≈~S~@S~≈≈~~≈≈....##
.S~~≈~†~FSS#~~~~≈≈.....#
...≈~~~~l≈≈~~≈~~~~.....#
..~~~≈~~≈≈≈≈≈≈≈~≈≈~....##
..#~~≈≈≈≈≈≈≈≈≈≈≈≈≈......#
# ##################....#
####...## #..#....#
#..'....#


You could see a bullfrog, an adder, 5 ball pythons and a frilled lizard.

Vanquished Creatures
  A bullfrog (Sewer)
  6 adders
  2 river rats (Sewer)
  4 worms
  An orc (D:3)
  5 endoplasms
  5 giant cockroaches
  2 goblins (D:3)
  6 hobgoblins
  7 jackals
  3 quokkas
  18 ball pythons
  5 bats (D:1)
  4 frilled lizards
  5 kobolds
  31 rats
105 creatures vanquished.

Notes
Turn   | Place    | Note
-------+----------+-------------------------------------------
     0 | D:1      | Eitelfritz the Minotaur Gladiator began the quest for the
                  | Orb.
     0 | D:1      | Reached XP level 1. HP: 18/18 MP: 0/0
   214 | D:1      | Reached XP level 2. HP: 16/25 MP: 1/1
   438 | D:1      | Reached skill level 4 in Long Blades
   633 | D:1      | Reached XP level 3. HP: 28/30 MP: 2/2
   839 | D:2      | Reached skill level 1 in Armour
  1486 | D:2      | Reached XP level 4. HP: 37/37 MP: 3/3
  1661 | D:3      | Found a glowing drain.
  1761 | Sewer    | Entered a sewer
  1799 | Sewer    | Reached skill level 5 in Long Blades
  1883 | Sewer    | Reached XP level 5. HP: 45/45 MP: 4/4
  2037 | Sewer    | HP: 1/45 [bullfrog (3)]
  2037 | Sewer    | Slain by a ball python

Illustrated notes

Levels and vault maps discovered:
D:1:      heliophobic_arrival_henge, layout_rooms
D:2:      layout_rooms, minmay_pentomino_s4
D:3:      layout_rooms, gammafunk_temple_overflow_elements,
          cheibrodos_sewer_entry_drain, st_stairs_13
Sewer:    sewer_minmay_w

Skill      XL: |  1  2  3  4 |
---------------+-------------+-----
Long Blades    | 4 5 |  5.9
Armour         | 1 2 |  2.8
Dodging        | 4 |  4.3
Fighting       | 3 |  3.6
Throwing       | |  2.1
Stealth        | |  0.1

Action                   |  1- 3 |  4- 6 || total
-------------------------+-------+-------++-------
Melee: Long sword        |    98 |   106 ||   204
       Headbutt          |    14 |     7 ||    21
       Punch             |     1 |       ||     1
 Stab: Sleeping          |     1 |       ||     1
Armor: Leather armour    |    25 |       ||    25
       Ring mail         |    11 |    61 ||    72
Dodge: Dodged            |    67 |   125 ||   192
